 Dungeon Crawl Stone Soup version 0.30.1-3-gfc49f6343a (webtiles) character file.

Game seed: 13544861574008116846

362 Destapler the Conjurer (level 6, -5/35 HPs)
             Began as a Deep Elf Conjurer on July 22, 2023.
             Slain by an iguana (14 damage)
             ... on level 3 of the Dungeon.
             The game lasted 00:14:33 (2949 turns).

Destapler the Conjurer (Deep Elf Conjurer)          Turns: 2949, Time: 00:14:34

Health: -5/35      AC:  3    Str:  4    XL:     6   Next: 39%
Magic:  6/14       EV: 13    Int: 23    God:
Gold:   143        SH:  5    Dex: 15    Spells: 10/13 levels left

rFire   . . .        b - +2 arbalest (freeze)
rCold   . . .        (shield currently unavailable)
rNeg    . . .        c - +0 robe
rPois   .            (no helmet)
rElec   .            (no cloak)
rCorr   .            j - +0 pair of gloves
SInv    +            (no boots)
Will    .....        d - amulet of reflection
Stlth   +++          i - ring of see invisible
HPRegen 0.25/turn    (no ring)
MPRegen 0.14/turn

%: reflection
@: very slightly contaminated
A: no striking features
a: no special abilities


You were on level 3 of the Dungeon.
You visited 1 branch of the dungeon, and saw 4 of its levels.

You collected 143 gold pieces.

Inventory:

Hand Weapons
 a - a +0 dagger
 b - a +2 arbalest of freezing (weapon)
Armour
 c - a +0 robe (worn)
 j - a +0 pair of gloves (worn)
Jewellery
 d - an amulet of reflection (around neck)
 i - a ring of see invisible (left hand)
 k - an amulet of magic regeneration
Scrolls
 l - a scroll of torment {unknown}
 m - 2 scrolls of blinking {unknown}
 n - a scroll of enchant armour {unknown}
Potions
 e - a potion of mutation {unknown}
 f - a potion of magic
 g - 4 potions of curing {unknown}
 h - 3 potions of resistance {unknown}
 o - a potion of degeneration {unknown}


   Skills:
 - Level 2.0 Fighting
 + Level 4.6 Ranged Weapons
 - Level 4.0 Dodging
 - Level 4.0 Stealth
 - Level 4.0 Spellcasting
 - Level 5.0 Conjurations


You had 10 spell levels left.
You knew the following spells:

 Your Spells              Type           Power      Damage    Failure   Level
a - Magic Dart            Conj           100%       1d8       1%          1
b - Searing Ray           Conj           54%        2d6       1%          2

Your spell library contained the following spells:

 Spells                   Type           Power      Damage    Failure   Level
 Dazzling Flash           Conj/Hex       32%        N/A       11%         3
 Ozocubu's Armour         Ice            4%         N/A       30%         3
 Fulminant Prism          Conj/Hex       8%         3d6       36%         4
 Iskenderun's Mystic Bla  Conj/Tloc      16%        2d5       36%         4
 Metabolic Englaciation   Hex/Ice        2%         N/A       96%         5
 Simulacrum               Ice/Necr       2%         N/A       100%        6


Dungeon Overview and Level Annotations

Branches:
Dungeon (4/15)
 Temple: D:4-7

Altars:

Annotations:
D:3 1 runed translucent door, tykejmi's ghost, amateur DrAE


Message History

You shoot a bolt. The bolt closely misses the iguana.
The orc priest mumbles some strange prayers to Beogh against you.
You struggle to resist.
The iguana bites you!
You climb upwards.
Level annotation: 1 runed translucent door, tykejmi's ghost, amateur DrAE
There is a stone staircase leading down here.
You see here a +0 whip.
Casting: Magic Dart (safe; 1% risk of failure)
Confirm with . or Enter, or press ? or * to list all spells.
Aiming: Searing Ray (safe; 1% risk of failure)
Press: ? - help, Shift-Dir - straight line, f - orc priest
Aim: an orc priest, wielding a +0 short sword (lightly wounded, 79% to hit)
The searing ray misses the orc priest. (Press . to maintain the ray.)
The orc priest hits you with a +0 short sword.
The iguana bites you!
* * * LOW HITPOINT WARNING * * *
The searing ray hits the orc priest!
The orc priest is almost dead.
The orc priest hits you with a +0 short sword.
* * * LOW HITPOINT WARNING * * *
You block the iguana's attack.
The searing ray hits the orc priest!
You kill the orc priest!
You block the iguana's attack.
Casting: Searing Ray (safe; 1% risk of failure)
Confirm with . or Enter, or press ? or * to list all spells.
Restarting spell: Searing Ray (safe; 1% risk of failure)
Press: ? - help, Shift-Dir - straight line, f - iguana
Aim: an iguana (82% to hit)
You miscast Searing Ray.
You are very lightly contaminated with residual magic.
Nothing appears to happen.
The iguana barely misses you.
Casting: Searing Ray (safe; 1% risk of failure)
Confirm with . or Enter, or press ? or * to list all spells.
Aiming: Searing Ray (safe; 1% risk of failure)
Press: ? - help, Shift-Dir - straight line, f/p - iguana
Aim: an iguana (82% to hit)
You miscast Searing Ray.
Nothing appears to happen.
The iguana bites you!
You die...

################
########..............#
####.....................#
#........................#
#..........##.....##......
#####.......#####.....##......
#...........l.........##......
#...........)@)......#...##...
#............).......#.####...
#....................#....#...
#....######..........####.##..
##...######...................
##........#............#......
#..........###..)......#......
#..........###.........#......
#..........##..........#......


You could see an iguana.

Vanquished Creatures
  A scorpion (D:4)
  A jelly (D:4)
  2 orc priests
  An iguana (D:3)
  4 adders
  4 gnolls
  4 dart slugs (D:3)
  7 orcs
  6 endoplasms
  3 giant cockroaches
  9 goblins
  10 hobgoblins
  6 jackals (D:1)
  4 quokkas
  8 ball pythons
  11 bats
  5 frilled lizards (D:2)
  4 kobolds
  10 rats
100 creatures vanquished.

Notes
Turn   | Place    | Note
-------+----------+-------------------------------------------
     0 | D:1      | Destapler the Deep Elf Conjurer began the quest for the
                  | Orb.
     0 | D:1      | Reached XP level 1. HP: 10/10 MP: 6/6
   131 | D:1      | Reached XP level 2. HP: 15/16 MP: 0/8
   478 | D:1      | Reached skill level 1 in Fighting
   766 | D:1      | Reached XP level 3. HP: 20/20 MP: 9/9
  1478 | D:2      | Reached skill level 1 in Ranged Weapons
  1658 | D:3      | Learned a level 2 spell: Searing Ray
  1668 | D:3      | Reached XP level 4. HP: 25/25 MP: 11/11
  1824 | D:3      | Found a runed translucent door.
  1859 | D:3      | Noticed tykejmi's ghost (amateur DrAE)
  2431 | D:3      | Reached XP level 5. HP: 6/29 MP: 2/13
  2530 | D:4      | Reached skill level 5 in Conjurations
  2778 | D:4      | Reached XP level 6. HP: 35/35 MP: 10/14
  2949 | D:3      | Slain by an iguana

Illustrated notes

Levels and vault maps discovered:
D:1:      minmay_arrival_floating_metal, layout_rooms, minmay_misc_feat_x
D:2:      minmay_chambers_of_twos, layout_rooms, moated_statue
D:3:      layout_basic, ebering_ghost_reflecting_pool, serial_bayou_pond_a
D:4:      layout_rooms

Skill      XL: |  1  2  3  4  5  6 |
---------------+-------------------+-----
Fighting       | 1 2 |  2.0
Dodging        | 3 4 |  4.0
Stealth        | 3 4 |  4.0
Ranged Weapons | 1 3 4 |  4.6
Spellcasting   | 4 |  4.0
Conjurations   | 5 |  5.0

Action                     |  1- 3 |  4- 6 || total
---------------------------+-------+-------++-------
  Melee: Dagger            |     9 |       ||     9
   Fire: Arbalest          |    54 |    48 ||   102
   Cast: Magic Dart        |    46 |    25 ||    71
         Searing Ray       |       |     6 ||     6
    Use: Scroll            |     1 |       ||     1
 Armour: Robe              |    12 |     3 ||    15
  Dodge: Dodged            |    37 |    24 ||    61
  Block: Other             |    10 |     8 ||    18
